 Dungeon Crawl Stone Soup version 0.31-a0-1447-g87ca8d402b (webtiles) character file.

Game seed: 2310185974886896360

1125 Curundu the Trooper (level 8, -4/70 HPs)
             Began as a Minotaur Berserker on Dec 27, 2023.
             Was a Believer of Trog.
             Slain by a gnoll sergeant
             ... wielding a +2 heavy trident
              (18 damage)
             ... on level 4 of the Dungeon.
             The game lasted 00:09:05 (2984 turns).

Curundu the Trooper (Minotaur Berserker)            Turns: 2984, Time: 00:09:06

Health: -4/70      AC:  7    Str: 23    XL:     8   Next: 13%
Magic:  7/7        EV: 11    Int:  4    God:    Trog [**....]
Gold:   73         SH:  0    Dex: 11    Spells: 7/7 levels left

rFire   . . .        h - +2 quarterstaff (chaos)
rCold   . . .        (shield currently unavailable)
rNeg    . . .        j - +0 scale mail
rPois   .            (helmet restricted)
rElec   .            p - scarf {+Inv}
rCorr   .            (no gloves)
SInv    .            (no boots)
Will    .....        (no amulet) Stlth
                     (no ring)
HPRegen 0.31/turn    (no ring)
MPRegen 0.10/turn

%: no passive effects
@: no status effects
A: horns 2, retaliatory headbutt
a: Renounce Religion, Evoke Invisibility, Berserk, Trog's Hand


You were on level 4 of the Dungeon.
You worshipped Trog.
Trog was pleased with you.
You visited 1 branch of the dungeon, and saw 4 of its levels.

You collected 193 gold pieces.
You spent 120 gold pieces at shops.

Inventory:

Hand Weapons
 h - a +2 quarterstaff of chaos (weapon)
 q - a +2 whip of freezing
Missiles
 f - 10 boomerangs
Armour
 j - a +0 scale mail (worn)
 p - a scarf of invisibility (worn)
Wands
 o - a wand of mindburst (18)
Scrolls
 a - a scroll of amnesia {unknown}
 e - 2 scrolls of summoning
 g - a scroll of vulnerability {unknown}
 i - a scroll of revelation {unknown}
 k - a scroll of fear {unknown}
 l - a scroll of enchant armour {unknown}
 m - a scroll of identify
 r - a scroll of enchant weapon {unknown}
Potions
 b - a potion of degeneration {unknown}
 c - a potion of berserk rage
 d - a potion of might {unknown}
 n - a potion of curing {unknown}
 s - a potion of heal wounds {unknown}


   Skills:
 + Level 6.2 Fighting
 + Level 5.3(6.6) Polearms
 + Level 6.1(7.1) Staves
 + Level 5.6 Armour
 + Level 4.3 Dodging
 + Level 1.7 Stealth


You had 7 spell levels left.
You didn't know any spells.
Your spell library was empty.

Dungeon Overview and Level Annotations

Branches:
Dungeon (4/15)
 Temple: D:4-7

Altars:
Hepliaklqana
Ru
The Shining One

Shops:
D:4 *

Annotations:
D:1 1 transporter


Innate Abilities, Weirdness & Mutations

You have a pair of horns on your head.
You reflexively headbutt those who attack you in melee.


Message History

The adder barely misses you. The giant cockroach closely misses you.
You furiously retaliate!
You headbutt the giant cockroach. You sock the giant cockroach!
Lightning courses through the giant cockroach!
You kill the giant cockroach!
Trog accepts your kill.
You feel sick.
You are no longer poisoned.
The adder bites you but does no damage. The gnoll sergeant barely misses you.
The hound bites you. The adder bites you but does no damage.
Your Staves skill increases to level 6!
You hit the hound. You burn the hound.
The hound is heavily wounded.
The hound bites you but does no damage. The adder barely misses you.
You hit the hound.
The hound seems to speed up.
The hound is heavily wounded.
The hound barely misses you. The hound closely misses you.
The gnoll sergeant barely misses you. The adder bites you but does no damage.
The hound bites you but does no damage.
You sock the hound!
You kill the hound!
Trog accepts your kill. The adder barely misses you.
The gnoll sergeant hits you from afar with a +2 heavy trident!
The adder bites you.
* * * LOW HITPOINT WARNING * * *
You hit the orc. You burn the orc.
The orc is heavily wounded.
The orc hits you from afar with a +0 trident.
* * * LOW HITPOINT WARNING * * *
The adder bites you.
* * * LOW HITPOINT WARNING * * *
The orc closely misses you.
You sock the orc! You burn the orc.
You kill the orc!
Trog accepts your kill.
The orc hits you from afar with a +0 trident.
* * * LOW HITPOINT WARNING * * *
The gnoll sergeant hits you from afar with a +2 heavy trident!!
You die...

................#
##.....
................#
#.......
.)...[..........#
#...##....
##.............##
#...## ###..
####............## ..#
##.
##.(.......#..##### ##
###.....######..## #
##...##..##So..#
###.#...)@)...####
###....##g.##..##...##
##..# #'#'....#....##
#+# ..##....#.....##
..o.##..##......#
..... ##'##...%...
?.B8h.$##..##......
#?.S...[#....#......
##.....##....'......


You could see a gnoll sergeant, an adder and an orc.

Vanquished Creatures
  Pikel (D:4)
  A sky beast (D:4)
  A black bear (D:4)
  A lemure (D:4)
  A scorpion (D:4)
  A bombardier beetle (D:4)
  A hound (D:4)
  An orc priest (D:3)
  Crazy Yiuf (D:2)
  A jelly (D:4)
  Terence (D:2)
  3 orc wizards (D:4)
  A river rat (D:3)
  8 adders
  2 worms (D:3)
  A dart slug (D:2)
  14 orcs
  6 endoplasms
  4 giant cockroaches
  6 goblins
  4 hobgoblins
  A quokka (D:2)
  5 ball pythons
  5 bats
  3 frilled lizards
  A kobold (D:4)
  A rat (D:3)
76 creatures vanquished.

Notes
Turn   | Place    | Note
-------+----------+-------------------------------------------
     0 | D:1      | Curundu the Minotaur Berserker began the quest for the Orb.
     0 | D:1      | Reached XP level 1. HP: 19/19 MP: 0/0
    31 | D:2      | Reached XP level 2. HP: 22/27 MP: 1/1
   277 | D:2      | Found a glowing golden altar of the Shining One.
   349 | D:2      | Reached XP level 3. HP: 32/34 MP: 2/2
   449 | D:2      | Found a runed translucent door.
   450 | D:2      | Noticed Crazy Yiuf
   458 | D:2      | Killed Crazy Yiuf
   607 | D:2      | Reached XP level 4. HP: 30/41 MP: 3/3
   770 | D:2      | Noticed Terence
   778 | D:2      | Killed Terence
   779 | D:2      | Reached skill level 1 in Stealth
   779 | D:2      | Reached ** piety under Trog
  1155 | D:3      | Reached skill level 1 in Staves
  1158 | D:3      | Reached XP level 5. HP: 19/47 MP: 4/4
  1284 | D:3      | Reached skill level 5 in Polearms
  1809 | D:3      | Reached skill level 5 in Fighting
  2014 | D:4      | Found a hazy altar of Hepliaklqana.
  2016 | D:4      | Noticed a sky beast
  2034 | D:4      | Killed a sky beast
  2035 | D:4      | Reached XP level 6. HP: 53/56 MP: 5/5
  2231 | D:4      | Found Onlufrag's Neck Hole.
  2369 | D:4      | Bought a scarf of invisibility for 120 gold pieces
  2403 | D:4      | Found a sacrificial altar of Ru.
  2428 | D:4      | Noticed Pikel
  2440 | D:4      | Killed Pikel
  2441 | D:4      | Reached skill level 5 in Staves
  2441 | D:4      | Reached skill level 5 in Armour
  2441 | D:4      | Reached XP level 7. HP: 35/62 MP: 6/6
  2943 | D:4      | Reached XP level 8. HP: 66/70 MP: 7/7
  2984 | D:4      | Slain by a gnoll sergeant

Illustrated notes

Levels and vault maps discovered:
D:1:      spicycebolla_arrival_transporter_tutorial, layout_loops_ring
D:2:      layout_basic, basic_altar, uniq_terence, uniq_crazy_yiuf_cottage
D:3:      layout_loops_ring, lightli_sewer_entry_pipes
D:4:      minmay_bubble_buster, layout_cave_pods,
          mainiacjoe_overflow_cross_hatched, nicolae_ru_the_path_less_chosen,
          nicolae_shop_sticking_my_neck_out, uniq_pikel

Skill      XL: |  1  2  3  4  5  6  7  8 |
---------------+-------------------------+-----
Polearms       | 4 5 |  5.3
Fighting       | 4 5 6 |  6.2
Stealth        | 1 |  1.7
Staves         | 1 2 5 6 |  6.1
Dodging        | 3 4 |  4.3
Armour         | 3 5 |  5.6

Action                     |  1- 3 |  4- 6 |  7- 9 || total
---------------------------+-------+-------+-------++-------
  Melee: Spear             |    46 |       |       ||    46
         Headbutt          |     5 |     9 |     5 ||    19
         Punch             |     2 |       |       ||     2
         Quarterstaff      |     5 |    86 |    32 ||   123
    Use: Scroll            |       |     2 |       ||     2
 Armour: Animal skin       |    19 |     7 |       ||    26
         Scale mail        |       |    71 |    27 ||    98
  Dodge: Dodged            |    29 |    54 |    22 ||   105

Table legend: (Time is in decaauts)
 A = Elapsed time spent in this place.
 B = Non-inter-level travel time spent in this place.
 C = Inter-level travel time spent in this place.
 D = Time resting spent in this place.
 E = Time spent auto-exploring this place.
 F = Levels seen in this place.
 G = Mean time per level.
                   A        B        C        D        E       F      G
               +--------+--------+--------+--------+--------+-----+--------+
         Total |   3027 |   3027 |      0 |      0 |   2328 |   4 |  756.8 |
       Dungeon |   3027 |   3027 |      0 |      0 |   2328 |   4 |  756.8 |
               +--------+--------+--------+--------+--------+-----+--------+

Top non-repeatable levels by time:
     D:4: 1034 daAuts
     D:2: 1010 daAuts
     D:3: 976 daAuts
     D:1: 6 daAuts
